Map: Pillars of Gold LE

Players

SpeCial - Winner!

  • Race: Terran Terran
  • League: Master
  • Spawn Location: 1:00

JimRising

  • Race: Zerg Zerg
  • League: Master
  • Spawn Location: 7:00

Event: DreamHack SC2 Masters 2020 Winter

VOD

Have the link to the VOD?

Description

Time

  • Played on: Oct. 22, 2020, 4:28 p.m.
  • Length: 9:39

All games in this series

Show
View Real Time Build Order
Export as new Build Order

SpeCial Terran - Winner!

Build Orders:  

Get SALT Encoding   

  12  0:00  SCV  
  13  0:12  SCV  
  14  0:18  Supply Depot  
  14  0:24  SCV  
  15  0:39  SCV  
  15  0:40  Barracks  
  16  0:44  Refinery  
  16  0:51  SCV  
  17  1:03  SCV  
  18  1:15  SCV  
  19  1:28  Orbital Command, Marine  
  20  1:43  Command Center  
  20  1:54  Factory  
  20  1:58  SCV  
  21  2:05  Barracks Reactor  
  21  2:10  SCV  
  21  2:14  Supply Depot  
  22  2:17  Refinery  
  22  2:22  SCV  
  23  2:36  SCV  
  24  2:42  Starport  
  24  2:47  Hellion x2  
  24  2:48  SCV  
  29  2:52  Marine  
  30  3:00  Orbital Command  
  30  3:02  SCV  
  31  3:10  Widow Mine x2  
  35  3:14  SCV  
  35  3:19  Medivac  
  38  3:25  Supply Depot  
  38  3:28  SCV  
  38  3:29  SCV  
  40  3:35  Widow Mine  
  40  3:36  Widow Mine  
  44  3:42  Armory  
  44  3:44  Barracks Tech Lab  
  44  3:46  SCV  
  46  3:48  SCV  
  46  3:56  Supply Depot, Hellion  
  46  4:00  Hellion  
  50  4:04  SCV x2  
  50  4:08  Marine  
  53  4:17  Liberator  
  53  4:18  SCV x2  
  53  4:20  Supply Depot  
  58  4:30  SCV  
  58  4:31  SCV  
  61  4:36  Bunker  
  60  4:43  SCV  
  61  4:45  Marine x2  
  61  4:47  Siege Tank  
  61  4:50  SCV  
  67  4:54  Supply Depot  
  67  4:55  SCV  
  66  5:02  SCV  
  66  5:03  Marine x2  
  64  5:07  SCV  
  64  5:08  Liberator  
  66  5:14  SCV  
  66  5:19  SCV  
  68  5:22  Marine  
  68  5:23  Command Center  
  68  5:25  Marine  
  70  5:29  Supply Depot  
  70  5:36  Supply Depot  
  70  5:44  Siege Tank  
  70  5:51  SCV x2, Marine x2  
  74  6:01  Engineering Bay, Barracks  
  74  6:03  SCV, Engineering Bay, Barracks  
  75  6:06  Starport Tech Lab  
  75  6:08  Marine x2  
  76  6:11  SCV  
  76  6:14  Refinery x2  
  76  6:15  SCV  
  77  6:23  SCV  
  76  6:26  Marine x2  
  76  6:27  SCV  
  79  6:34  Terran Infantry Weapons Level 1, Terran Infantry Armor Level 1  
  79  6:38  Barracks  
  79  6:39  Starport Reactor, Orbital Command  
  79  6:40  Barracks, Factory Tech Lab  
  79  6:44  Marine x2  
  81  6:54  SCV  
  81  6:57  Orbital Command  
  81  6:59  Siege Tank  
  85  7:02  SCV, Marine x2  
  85  7:04  Combat Shield, Stimpack, Marine x2  
  85  7:06  SCV  
  91  7:14  SCV  
  92  7:18  SCV, Medivac  
  92  7:20  Marine x2  
  92  7:21  Marine x2  
  96  7:25  Medivac  
  96  7:26  SCV  
  96  7:28  SCV  
  100  7:30  SCV  
  100  7:32  Barracks Reactor x2, Supply Depot  
  100  7:33  Supply Depot  
  101  7:38  SCV, Marine x2  
  101  7:39  Marine  
  101  7:40  SCV  
  101  7:42  Marine  
  101  7:43  SCV  
  108  7:50  SCV  
  108  7:51  Supply Depot, Refinery x2  
  109  7:52  Supply Depot  
  109  7:53  Supply Depot  
  109  7:54  SCV, Supply Depot x2, Siege Tank  
  109  7:55  SCV, Marine x2  
  109  7:57  Medivac, Marine  
  119  8:00  Marine  
  119  8:02  SCV, Medivac  
  123  8:06  SCV  
  123  8:09  SCV  
  125  8:13  Marine x2  
  125  8:15  Marine  
  125  8:16  Marine x4  
  125  8:18  Marine  
  133  8:21  Supply Depot, Factory  
  133  8:23  Supply Depot  
  133  8:27  Supply Depot  
  133  8:31  Marine x2  
  133  8:33  Marine  
  133  8:34  Marine x4  
  137  8:35  Marine  
  137  8:37  Siege Tank  
  140  8:49  Marine x2  
  140  8:50  Medivac, Marine  
  140  8:51  Marine  
  140  8:52  Marine x3  
  140  8:53  Marine  
  140  8:55  SCV x3  
  149  9:07  Marine x2  
  149  9:08  Marine  
  149  9:09  Marine x3, Factory Tech Lab  
  144  9:10  Marine  
  144  9:11  Marine  
Show
View Real Time Build Order
Export as new Build Order

JimRising Zerg 

Build Orders: Hatch First 

Get SALT Encoding   

  12  0:00  Drone  
  13  0:12  Overlord  
  13  0:18  Drone  
  14  0:30  Drone x2  
  16  0:50  Hatchery  
  16  0:53  Drone  
  16  0:57  Drone  
  16  1:01  Drone  
  18  1:07  Extractor  
  17  1:17  Spawning Pool  
  16  1:20  Drone  
  16  1:25  Drone  
  18  1:29  Drone  
  19  1:40  Drone  
  20  1:49  Overlord  
  20  2:04  Zergling x4, Queen  
  20  2:07  Queen  
  26  2:13  Metabolic Boost  
  26  2:17  Drone  
  26  2:20  Drone  
  28  2:23  Drone  
  28  2:27  Drone  
  30  2:34  Drone x2  
  32  2:43  Overlord  
  32  2:44  Queen  
  32  2:51  Queen  
  36  3:01  Overlord  
  36  3:05  Drone  
  37  3:10  Drone x2  
  37  3:11  Drone  
  40  3:17  Drone x4  
  44  3:22  Roach Warren  
  43  3:27  Overlord  
  43  3:34  Extractor  
  43  3:35  Drone x3  
  43  3:41  Overlord  
  45  3:42  Overlord  
  45  4:03  Roach  
  45  4:04  Roach x6  
  45  4:05  Roach  
  45  4:08  Roach  
  63  4:12  Roach  
  63  4:16  Roach  
  67  4:19  Overlord  
  67  4:28  Roach x2  
  67  4:30  Spore Crawler  
  70  4:37  Spore Crawler  
  66  4:57  Ravager x2  
  66  5:00  Zergling x10  
  66  5:06  Zergling x4  
  73  5:10  Ravager  
  74  5:15  Zergling x2, Ravager  
  74  5:16  Zergling x10  
  81  5:24  Zergling x2  
  81  5:25  Zergling x2  
  79  5:31  Ravager  
  79  5:32  Drone x2  
  61  5:54  Drone x3  
  61  5:55  Drone x4  
  68  6:02  Drone  
  69  6:06  Hatchery  
  68  6:21  Drone x7  
  75  6:31  Evolution Chamber  
  74  6:33  Evolution Chamber  
  74  6:34  Drone x2  
  75  6:45  Overlord x2  
  75  6:46  Drone x5  
  80  7:00  Drone x3  
  83  7:04  Ravager  
  84  7:10  Lair, Zerg Melee Weapons Level 1, Zerg Ground Armor Level 1  
  84  7:14  Drone x2  
  84  7:15  Drone  
  87  7:19  Queen  
  87  7:20  Drone  
  90  7:31  Drone x4, Baneling Nest  
  93  7:39  Drone x3  
  93  7:40  Overlord, Extractor  
  95  7:44  Spore Crawler  
  95  7:45  Hatchery  
  95  7:46  Zergling x10  
  95  7:47  Zergling x4  
  100  7:53  Overlord x2  
  100  7:57  Hatchery  
  99  8:01  Zergling x8  
  99  8:02  Zergling x2  
  104  8:05  Overlord  
  104  8:07  Drone x3  
  104  8:08  Drone x2  
  104  8:11  Drone x2  
  111  8:20  Zergling x4  
  111  8:23  Overlord  
  111  8:27  Zergling x2  
  114  8:28  Baneling x9  
  114  8:29  Baneling x4  
  114  8:32  Zergling x10  
  119  8:35  Baneling x3  
  119  8:36  Baneling x3  
  119  8:39  Zergling x6  
  122  8:43  Zergling x4  
  122  8:47  Drone  
  121  8:50  Drone x2  
  121  8:51  Zergling x2  
  121  8:55  Zergling x2  
  118  9:06  Zergling x14  
  118  9:07  Zergling x6  
  118  9:08  Zergling x2  
  115  9:11  Baneling  
  115  9:12  Baneling x4  
  115  9:17  Zergling x2, Drone  
  114  9:18  Zergling x4  
Tags
 
Add a new tag
Caveats
  • Supply blocks, unpowered buildings, or Contaminate may cause inaccurate times.
  • Supply counts are checked every 10 seconds.